 Dungeon Crawl Stone Soup version 0.19-a0-1097-g38e3b35 (webtiles) character file.

2509 st0uf the Blocker (level 9, -1/71 HPs)
             Began as a Formicid Fighter on Aug 8, 2016.
             Was a Priest of Jiyva.
             Slain by an orc warrior
             ... wielding a +0 halberd
              (15 damage)
             ... on level 7 of the Dungeon.
             The game lasted 00:32:26 (7209 turns).

st0uf the Blocker (Formicid Fighter)                Turns: 7209, Time: 00:32:28

Health: -1/71      AC:  9    Str: 22      XL:     9   Next: 83%
Magic:  5/9        EV: 11    Int:  8      God:    Jiyva [***...]
Gold:   308        SH: 13    Dex: 11 (12) Spells: 0 memorised, 8 levels left

rFire  . . .     SeeInvis +     a - +0 quarterstaff
rCold  . . .     Gourm    .     b - +0 scale mail
rNeg   . . .     Faith    .     c - +0 shield
rPois  .         Spirit   .     (helmet unavailable)
rElec  .         Dismiss  .     l - +0 cloak
rCorr  +         Reflect  +     (no gloves)
SustAt .         Harm     .     (no boots)
MR     .....                    C - +2 amulet of reflection
Stlth  ..........               (no ring)
                                (no ring)

@: slimy
A: permanent stasis, dig shafts and tunnels, four strong arms, antennae 3, wild
magic 1
a: Dig, Shaft Self, Request Jelly, Jelly Paralyse, Renounce Religion


You were on level 7 of the Dungeon.
You worshipped Jiyva.
Jiyva was most pleased with you.
You were full.

You visited 2 branches of the dungeon, and saw 9 of its levels.

You collected 308 gold pieces.

Inventory:

Hand Weapons
 a - a +0 quarterstaff (weapon)
Armour
 b - a +0 scale mail (worn)
 c - a +0 shield (worn)
 l - a +0 cloak (worn)
Jewellery
 t - an uncursed ring of wizardry
 C - a +2 amulet of reflection (around neck)
Wands
 n - a wand of acid (4/15)
Scrolls
 e - a scroll of magic mapping {unknown}
 g - 6 scrolls of identify
 j - 3 scrolls of noise {unknown}
 m - 2 scrolls of fear {unknown}
 q - 2 scrolls of amnesia {unknown}
 w - a scroll of random uselessness {unknown}
 y - 3 scrolls of remove curse {unknown}
 A - a scroll of enchant weapon {unknown}
 B - 3 scrolls of fog {unknown}
 F - a scroll of immolation {unknown}
Potions
 d - 2 potions of might
 h - a potion of lignification {unknown}
 i - 4 potions of brilliance {unknown}
 p - 2 potions of flight {unknown}
 r - 3 potions of curing {unknown}
 s - a potion of cancellation {unknown}
 x - a potion of agility {unknown}
 z - a potion of heal wounds {unknown}
 D - 2 potions of haste {unknown}
 E - 2 potions of resistance {unknown}
Books
 v - a book of Cantrips

   Spells                             Type                      Level
   a - Confusing Touch                Hexes                        1
   b - Animate Skeleton               Necromancy                   1
   c - Summon Small Mammal            Summoning                    1
   d - Apportation                    Translocation                1
Comestibles
 f - 5 bread rations
 k - a beef jerky
 o - a meat ration
 u - 3 slices of pizza


   Skills:
 + Level 6.5 Fighting
 + Level 6.1 Staves
 + Level 7.0 Armour
 + Level 4.4 Dodging
 + Level 0.3 Stealth
 + Level 8.3 Shields


You had 8 spell levels left.
You didn't know any spells.

Dungeon Overview and Level Annotations

Branches:
Dungeon (8/15)             Temple (1/1) D:4
   Lair: D:8-11

Altars:
Cheibriados
Dithmenos
Elyvilon
Fedhas
Gozag
Hepliaklqana
Kikubaaqudgha
Makhleb
Nemelex Xobeh
Okawaru
Pakellas
Qazlal
Ru
Sif Muna
Trog
Uskayaw
Vehumet
Xom
Yredelemnul
Zin
The Shining One
Jiyva


Innate Abilities, Weirdness & Mutations

You are under a permanent stasis effect.
You can dig through walls and to a lower floor.
Your four strong arms can wield two-handed weapons with a shield.
You have a pair of large antennae on your head. (SInv)
Your spells are a little harder to cast, but a little more powerful.


Message History

The jelly barely misses the orc warrior.
The orc warrior hits you but does no damage.
You barely miss the orc warrior.
The orc warrior is heavily wounded.
The orc wizard hits you but does no damage.
The orc wizard mumbles some strange words.
The orc wizard blinks!
You closely miss the orc warrior.
The orc warrior is heavily wounded.
You block the orc warrior's attack.
You swap places.
You block the orc warrior's attack.
The orc wizard mumbles some strange words.
The orc wizard blinks!
The orc wizard casts a spell at you. The magic dart hits you!
* * * LOW HITPOINT WARNING * * *
A thick mucus forms on your +0 quarterstaff.
You can no longer turn your foes to slime.
The orc warrior hits you from afar with a halberd!
You die...

#...#.......#################
#...###'##.............<....#
.....oo..#..................#
.........#......J...........#
#...##...#..................#
######...'..................#
#...######....o.............#
....#.......................#
....+........o..@...........#
....#.......................#
....#..................J....#
#'###......J................#
.....###############........#
.....'......# #........#
.....#.....[# #........#
.....#......# #........#
.....######## #........#


You could see an orc warrior, an orc wizard and 3 neutral jellies (fellow
slime).

Vanquished Creatures
  The ghost of FrancescoMac the Skirmisher, an amateur TrFi (D:3)
  A phantom (D:4)
  2 ice beasts
  A necrophage (D:6)
  A sky beast (D:6)
  3 centaurs
  5 ogres
  The ghost of crawlian the Firebug, an amateur DEFE (D:7)
  A big kobold (D:7)
  3 giant frogs
  3 scorpions
  4 wights (D:6)
  A howler monkey (D:4)
  2 crimson imps
  A centaur zombie (D:7)
  A quasit (D:7)
  Crazy Yiuf (D:3)
  A giant frog skeleton (D:7)
  3 hounds
  A centaur skeleton (D:6)
  3 orc priests
  2 orc wizards (D:4)
  3 worker ants
  A hound zombie (D:5)
  10 adders
  3 gnolls (D:6)
  An ooze (D:3)
  2 worms
  5 dart slugs
  3 giant geckos
  16 orcs
  A ball python (D:2)
  4 bats
  5 giant cockroaches
  7 hobgoblins
  2 jackals (D:1)
  6 quokkas
  A giant gecko skeleton (D:6)
  7 giant newts
  9 goblins
  5 kobolds
  8 rats
141 creatures vanquished.

Vanquished Creatures (others)
  A sky beast (D:7)
  2 black bears (D:7)
  2 centaurs
  A crimson imp (D:7)
  A hound (D:4)
  6 jellies
  An orc priest (D:7)
  An iguana (D:5)
  An orc wizard (D:7)
  An adder (D:5)
  An adder zombie (D:5)
  2 orcs
  2 jackals (D:6)
  A kobold (D:7)
  2 giant newts (D:7)
  A quokka skeleton (D:5)
  A plant (D:5)
27 creatures vanquished.

Grand Total: 168 creatures vanquished

Notes
Turn   | Place    | Note
-------+----------+-------------------------------------------
     0 | D:1      | st0uf the Formicid Fighter began the quest for the Orb.
     0 | D:1      | Reached XP level 1. HP: 18/18 MP: 1/1
   473 | D:1      | Reached XP level 2. HP: 24/24 MP: 2/2
   933 | D:1      | Reached XP level 3. HP: 30/30 MP: 3/3
  1042 | D:1      | Reached skill level 4 in Shields
  1445 | D:2      | Found a sparkling altar of Nemelex Xobeh.
  1480 | D:2      | Reached XP level 4. HP: 14/37 MP: 4/4
  2064 | D:3      | Found a shadowy altar of Dithmenos.
  2130 | D:3      | Found an ancient bone altar of Kikubaaqudgha.
  2196 | D:3      | Noticed FrancescoMac's ghost (amateur TrFi)
  2355 | D:3      | Killed FrancescoMac's ghost
  2355 | D:3      | Reached skill level 5 in Shields
  2355 | D:3      | Reached XP level 5. HP: 43/43 MP: 5/5
  2355 | D:3      | Reached XP level 6. HP: 49/49 MP: 6/6
  2484 | D:3      | Found a glowing golden altar of the Shining One.
  2567 | D:3      | Noticed an ogre
  2582 | D:3      | Killed an ogre
  2582 | D:3      | Reached skill level 1 in Dodging
  2822 | D:3      | Reached XP level 7. HP: 25/55 MP: 7/7
  3021 | D:3      | Found a runed door.
  3063 | D:3      | Noticed Crazy Yiuf
  3071 | D:3      | Killed Crazy Yiuf
  3112 | D:3      | Reached skill level 5 in Fighting
  3732 | D:4      | Reached skill level 5 in Armour
  3798 | D:4      | Reached skill level 6 in Shields
  3923 | D:4      | Reached XP level 8. HP: 62/63 MP: 8/8
  3971 | D:4      | Found an opulent altar of Gozag.
  4004 | D:4      | Found a staircase to the Ecumenical Temple.
  4031 | Temple   | Entered the Ecumenical Temple
  4079 | Temple   | Became a worshipper of Jiyva Juollu the Shapeless
  4805 | D:5      | Entered Level 5 of the Dungeon
  4816 | D:5      | Found an oddly glowing altar of Pakellas.
  4863 | D:5      | Found a blossoming altar of Fedhas.
  4869 | D:5      | Reached * piety under Jiyva
  5098 | D:5      | Reached skill level 5 in Staves
  5098 | D:5      | Reached skill level 7 in Shields
  5238 | D:5      | Found a shimmering altar of Xom.
  5406 | D:6      | Reached XP level 9. HP: 49/69 MP: 9/9
  5437 | D:6      | Reached ** piety under Jiyva
  5769 | D:6      | Found a radiant altar of Vehumet.
  5771 | D:6      | Found a white marble altar of Elyvilon.
  5772 | D:6      | Found a burning altar of Makhleb.
  6097 | D:7      | Noticed crawlian's ghost (amateur DEFE)
  6106 | D:7      | Killed crawlian's ghost
  6183 | D:7      | Found a bloodstained altar of Trog.
  6188 | D:7      | Reached *** piety under Jiyva
  6228 | D:7      | Found a snail-covered altar of Cheibriados.
  6287 | D:7      | Reached skill level 8 in Shields
  6409 | D:7      | Gained mutation: Your spells are a little harder to cast, but a little more powerful. [Jiyva's grace]
  6962 | D:7      | Reached **** piety under Jiyva
  7209 | D:7      | Slain by an orc warrior

Vault maps used:
D:1:      minmay_arrival_diagonal_passages, hangedman_decor_points
D:2:      nemelex_xobeh_ov_fountains_minmay, minmay_crystal_water,
          glass_columns_b
D:3:      nicolae_tso_swordbearing_angel, lemuel_crystal_altar,
          grunt_dithmenos_smoke_and_mirrors, uniq_crazy_yiuf_cottage
D:4:      lemuel_crystal_altar, first_bread, minivault_26
D:5:      fedhas_altar_1, lemuel_round_altar, johnstein_pakellas_death_squad
D:6:      grunt_temple_overflow_open, kennysheep_generic_room_2
D:7:      lemuel_round_altar, trog_ov_bears_minmay
D:8:      erik_lair_orcish_takeover
Temple:   pf_slimified_temple

Skill      XL: |  1  2  3  4  5  6  7  8  9 |
---------------+----------------------------+-----
Shields        | 4 5 6 7 8 |  8.3
Fighting       | 4 5 6 |  6.5
Staves         | 3 4 5 6 |  6.1
Armour         | 4 5 6 7 |  7.0
Dodging        | 1 2 3 4 |  4.4
Stealth        | |  0.3

Action                   |  1- 3 |  4- 6 |  7- 9 || total
-------------------------+-------+-------+-------++-------
Melee: Quarterstaff      |   106 |    92 |   472 ||   670
Invok: Slimify           |       |       |     1 ||     1
 Abil: Dig               |       |       |     9 ||     9
  Use: Scroll            |       |     1 |     2 ||     3
  Eat: Chunk             |     2 |     4 |    11 ||    17
Armor: Scale mail        |    32 |    28 |   140 ||   200
Dodge: Dodged            |    22 |    18 |   139 ||   179
Block: Shield            |    44 |    38 |   306 ||   388
       Reflection        |       |       |    10 ||    10
